 Dungeon Crawl Stone Soup version 0.21.1-1-g345015f (webtiles) character file.

178 goulibeur the Unweaver (level 5, -2/41 HPs)
             Began as a Demonspawn Abyssal Knight on July 14, 2018.
             Was a Follower of Lugonu.
             Slain by a gnoll
             ... wielding a +0 spear
              (6 damage)
             ... on level 3 of the Dungeon on July 15, 2018.
             The game lasted 00:08:52 (4560 turns).

goulibeur the Unweaver (Demonspawn Abyssal Knight)  Turns: 4560, Time: 00:08:53

Health: -2/41      AC:  5    Str: 12    XL:     5   Next: 32%
Magic:  8/8        EV: 10    Int: 13    God:    Lugonu [*.....]
Gold:   72         SH:  4    Dex: 14    Spells: 4/4 levels left

rFire    . . .     SeeInvis .   a - +1 short sword
rCold    + . .     Gourm    .   i - +0 buckler
rNeg     . . .     Faith    .   k - +0 ring mail
rPois    .         Spirit   .   (helmet restricted)
rElec    .         Reflect  .   (no cloak)
rCorr    .         Harm     .   (no gloves)
MR       .....                  (no boots)
Stlth    +.........             (no amulet)
HPRegen  0.13/turn              e - ring of protection from cold
MPRegen  0.11/turn              (no ring)

@: no status effects
A: antennae 1
a: Depart the Abyss, Renounce Religion


You were on level 3 of the Dungeon.
You worshipped Lugonu.
Lugonu was aware of your devotion.
You were not hungry.

You visited 1 branch of the dungeon, and saw 3 of its levels.
You visited the Abyss 1 time.

You collected 72 gold pieces.

Inventory:

Hand Weapons
 a - a +1 short sword (weapon)
Armour
 b - a +0 leather armour
 i - a +0 buckler (worn)
 k - a +0 ring mail (worn)
Jewellery
 e - a ring of protection from cold (left hand)
 g - an uncursed ring of fire
 s - an uncursed ring of ice {unknown}
Scrolls
 d - 4 scrolls of identify {unknown}
 h - a scroll of enchant armour {unknown}
 j - a scroll of noise {unknown}
 l - 3 scrolls of magic mapping {unknown}
 m - a scroll of fog {unknown}
 n - a scroll of amnesia {unknown}
 p - a scroll of remove curse {unknown}
 q - a scroll of random uselessness {unknown}
 r - a scroll of fear {unknown}
Potions
 f - 2 potions of haste {unknown}
 o - a potion of agility {unknown}
 u - a potion of heal wounds {unknown}
Comestibles
 c - 7 rations
 t - 5 chunks of flesh


   Skills:
 + Level 3.6 Fighting
 - Level 1.7 Short Blades
 + Level 2.7 Armour
 + Level 2.0 Dodging
 + Level 1.3 Shields
 * Level 4.6 Invocations


You had 4 spell levels left.
You didn't know any spells.

Dungeon Overview and Level Annotations

Branches:
Dungeon (3/15)

Altars:
Ashenzari
Trog
Xom


Innate Abilities, Weirdness & Mutations

You have a pair of small antennae on your head.


Message History

The gnoll is severely wounded.
The gnoll closely misses you.
You closely miss the gnoll.
The gnoll is severely wounded.
The gnoll hits you with a spear.
You hit the gnoll but do no damage.
The gnoll is severely wounded.
The gnoll hits you with a spear.
You closely miss the gnoll.
The gnoll is severely wounded.
The gnoll hits you with a spear.
* * * LOW HITPOINT WARNING * * *
You barely miss the gnoll.
The gnoll is severely wounded.
The gnoll hits you with a spear!
* * * LOW HITPOINT WARNING * * *
You closely miss the gnoll.
The gnoll is severely wounded.
The gnoll hits you with a spear.
You die...

#.##.#.# #....).# ####.###
### #.# #.# #.## #.#
####### #..# #.# #..)..#
####g#######. #.#
#.....#####...#........ #.#
#.......@.#.##r........ #.#
#.....###g#g##.........
####.# #.....#
#.#.###รท######. #...##
#.##### #.#.# #.# #.###
#.#### #.#.###.## #.#
#....####.#.##...# #.##
##....##.>.......#.#
<..#####.....##.######.#.##
........._......# ##.#..


You could see a gnoll.

Vanquished Creatures
  A gnoll shaman (D:3)
  7 adders
  2 gnolls
  An ooze (D:3)
  A worm (D:2)
  A dart slug (D:1)
  5 leopard geckos
  2 giant cockroaches
  3 goblins
  5 hobgoblins
  6 jackals
  4 kobolds
  3 quokkas
  3 ball pythons
  7 bats
  A frilled lizard (D:2)
  4 rats
56 creatures vanquished.

Notes
Turn   | Place    | Note
-------+----------+-------------------------------------------
     0 | Abyss:1  | goulibeur the Demonspawn Abyssal Knight began the quest for the Orb.
     0 | Abyss:1  | Reached XP level 1. HP: 18/18 MP: 2/2
   108 | Abyss:1  | Found a corrupted altar of Lugonu.
   147 | Abyss:1  | Noticed a manticore
   148 | D:1      | Escaped the Abyss
   540 | D:1      | Reached skill level 1 in Dodging
   668 | D:1      | Gained mutation: You have a pair of small antennae on your head. [demonic ancestry]
   668 | D:1      | Reached XP level 2. HP: 24/24 MP: 4/4
   834 | D:1      | Reached skill level 3 in Invocations
  1924 | D:2      | Reached XP level 3. HP: 23/29 MP: 5/5
  2162 | D:2      | HP: 1/29 [poisoned by an adder]
  2627 | D:2      | Found a shattered altar of Ashenzari.
  2791 | D:2      | Found a shimmering altar of Xom.
  3028 | D:2      | Reached XP level 4. HP: 27/35 MP: 6/6
  3210 | D:2      | Reached skill level 4 in Invocations
  3363 | D:2      | Reached * piety under Lugonu
  3680 | D:3      | Reached skill level 1 in Shields
  3931 | D:3      | Found a bloodstained altar of Trog.
  3947 | D:3      | Reached XP level 5. HP: 25/41 MP: 8/8
  4073 | D:2      | HP: 2/41 [poisoned by an adder]
  4560 | D:3      | Slain by a gnoll

Skill      XL: |  1  2  3  4  5 |
---------------+----------------+-----
Dodging        | 1 2 |  2.0
Armour         | 2 |  2.7
Invocations    | 3 4 |  4.6
Shields        | 1 |  1.3
Fighting       | |  3.6
Short Blades   | |  1.7

Action                   |  1- 3 |  4- 6 || total
-------------------------+-------+-------++-------
Melee: Short sword       |   126 |   151 ||   277
Invok: Depart the Abyss  |     1 |       ||     1
  Eat: Chunk             |     7 |     5 ||    12
Armor: Leather armour    |    10 |       ||    10
       Ring mail         |    38 |    39 ||    77
Dodge: Dodged            |    50 |    69 ||   119
Block: Buckler           |    13 |    30 ||    43
